 Dungeon Crawl Stone Soup version 0.30-a0-1123-gabc949cf19 (webtiles) character file.

Game seed: 10291540368799362539

273 themarg the Caller (level 6, -2/41 HPs)
             Began as a Merfolk Summoner on Apr 23, 2023.
             Splashed by a jelly's acid (8 damage)
             ... on level 5 of the Dungeon.
             The game lasted 00:08:03 (2653 turns).

themarg the Caller (Merfolk Summoner)               Turns: 2653, Time: 00:08:04

Health: -2/41      AC: -1    Str:  8    XL:     6   Next: 23%
Magic:  1/9        EV: 12    Int: 16    God:
Gold:   115        SH:  5    Dex: 15    Spells: 3/9 levels left

rFire   . . .        o - +1 dagger (venom)
rCold   + . .        (no shield)
rNeg    . . .        a - +0 robe
rPois   .            (no helmet)
rElec   .            m - scarf {+Inv}
rCorr   .            (no gloves)
SInv    .            p - +0 pair of boots
Will    .....        t - amulet of reflection
Stlth   ++           j - ring of protection from cold
HPRegen 0.26/turn    (no ring)
MPRegen 0.11/turn

%: reflection
@: corroded
A: (nimble swimmer 2), mertail
a: Evoke Invisibility


You were on level 5 of the Dungeon.
You visited 1 branch of the dungeon, and saw 5 of its levels.

You collected 115 gold pieces.

Inventory:

Hand Weapons
 g - a +0 hand axe
 o - a +1 dagger of venom (weapon)
Missiles
 c - 17 stones
 f - 5 boomerangs
Armour
 a - a +0 robe (worn)
 m - a scarf of invisibility (worn)
 p - a +0 pair of boots (worn)
Jewellery
 j - a ring of protection from cold (left hand)
 t - an amulet of reflection (around neck)
Wands
 u - a wand of flame (22)
Scrolls
 h - a scroll of magic mapping {unknown}
 i - 2 scrolls of enchant armour
 r - a scroll of poison {unknown}
 v - a scroll of teleportation {unknown}
Potions
 b - a potion of magic
 d - a potion of berserk rage
 e - 2 potions of heal wounds
 k - a potion of curing
 l - a potion of might {unknown}
 q - a potion of lignification {unknown}
 s - a potion of brilliance {unknown}


   Skills:
 - Level 2.6 Dodging
 - Level 3.0 Stealth
 - Level 2.0 Spellcasting
 + Level 7.1 Summonings


You had 3 spell levels left.
You knew the following spells:

 Your Spells              Type           Power      Damage    Failure   Level
a - Summon Small Mammal   Summ           96%        N/A       1%          1
b - Call Imp              Summ           48%        N/A       1%          2
c - Call Canine Familiar  Summ           24%        N/A       3%          3

Your spell library contained the following spells:

 Spells                   Type           Power      Damage    Failure   Level
 Summon Guardian Golem    Hex/Summ       13%        N/A       14%         3
 Slow                     Hex            4%         N/A       21%         1
 Ensorcelled Hibernation  Hex/Ice        2%         N/A       30%         2
 Passwall                 Tmut/Erth      0%         N/A       30%         2
 Sublimation of Blood     Necr           1%         N/A       30%         2
 Wereblood                Tmut           1%         N/A       30%         2
 Confusing Touch          Hex            1%         N/A       52%         3
 Swiftness                Air            1%         N/A       52%         3
 Vampiric Draining        Necr           1%         2d6       52%         3
 Summon Lightning Spire   Summ/Air       13%        N/A       43%         4
 Summon Hydra             Summ           12%        N/A       100%        7


Dungeon Overview and Level Annotations

Branches:
Dungeon (6/15)
 Temple: D:4-7

Altars:
Ashenzari
Fedhas
Zin

Annotations:
D:2 1 runed translucent door, Crazy Yiuf


Innate Abilities, Weirdness & Mutations

((You are very nimble when in or above water. (Stealth+, EV+, Speed+++)))
Your lower body shifts to a powerful aquatic tail in water.


Message History

You barely miss the kobold brigand.
The kobold brigand is heavily wounded.
Your hound bites the jelly.
Your hound is burned by acid!
Your quokka bites the black bear.
Your quokka misses the kobold brigand.
Your cerulean imp hits the black bear with a -1 spear.
The kobold brigand barely misses you. The black bear bites your cerulean imp.
The black bear barely misses your cerulean imp.
The black bear claws your cerulean imp. The jelly closely misses your hound.
Your hound bites the jelly.
The acid corrodes your hound!
Your hound is burned by acid!
Your hound dies!
Your hound's corpse disappears in a puff of smoke!
The jelly quivers.
You hit the kobold brigand.
The kobold brigand is poisoned.
The kobold brigand is severely wounded.
Your quokka barely misses the black bear.
Your quokka barely misses the kobold brigand.
Your cerulean imp hits the black bear with a -1 spear.
The kobold brigand closely misses you. The black bear bites your cerulean imp.
The black bear barely misses your cerulean imp.
The black bear claws your cerulean imp.
Your cerulean imp dies!
Your cerulean imp disappears in a puff of smoke!
The black bear growls angrily.
You closely miss the kobold brigand.
The kobold brigand is severely wounded.
Your quokka bites the black bear.
Your quokka closely misses the kobold brigand.
The kobold brigand hits you with a +0 dagger.
* * * LOW HITPOINT WARNING * * *
Your quokka bites the black bear.
A tiny devil pulls itself out of the air.
Your quokka barely misses the kobold brigand.
Your quokka barely misses the black bear.
Your quokka barely misses the kobold brigand.
The black bear goes berserk!
The kobold brigand misses you. The jelly hits you.
* * * LOW HITPOINT WARNING * * *
The acid corrodes you!
You are splashed with acid!
You die...

### ..## ##
####..#####.
...###..>........
.......)..>)...#
##......r.....#..
.......rhKJ......
##.###...@5....<#
#. #.........## #
........$...##
####...........
###..###.... #...
.... .... ###
....


You could see a black bear (berserk, ally target), a kobold brigand (poisoned,
ally target), a jelly, a friendly cerulean imp (summoned) and 2 friendly
quokkas.

Vanquished Creatures
  An iguana (D:6)
  Natasha (D:2)
  3 orcs (D:6)
  A ball python (D:2)
  2 endoplasms (D:2)
  A kobold (D:2)
  A quokka (D:2)
  3 bats
13 creatures vanquished.

Vanquished Creatures (collateral kills)
  Jessica (D:2)
  Natasha (twice) (D:2)
  3 orc wizards (D:6)
  2 adders (D:2)
  A dart slug (D:1)
  3 orcs (D:6)
  A bat (D:2)
  3 endoplasms
  2 giant cockroaches (D:1)
  3 goblins
  4 hobgoblins
  3 ball pythons
  5 kobolds
  4 rats (D:2)
37 creatures vanquished.

Vanquished Creatures (others)
  3 fungi (D:2)
3 creatures vanquished.

Grand Total: 53 creatures vanquished

Notes
Turn   | Place    | Note
-------+----------+-------------------------------------------
     0 | D:1      | themarg the Merfolk Summoner began the quest for the Orb.
     0 | D:1      | Reached XP level 1. HP: 13/13 MP: 3/3
   193 | D:1      | Reached XP level 2. HP: 18/19 MP: 1/5
   198 | D:1      | Learned a level 2 spell: Call Imp
   679 | D:2      | Noticed Jessica
   707 | D:2      | Killed Jessica
   708 | D:2      | Reached XP level 3. HP: 24/24 MP: 3/6
   712 | D:2      | Learned a level 3 spell: Call Canine Familiar
   842 | D:2      | Reached skill level 5 in Summonings
  1084 | D:2      | Reached XP level 4. HP: 30/30 MP: 1/7
  1268 | D:2      | Noticed Natasha
  1278 | D:2      | Killed Natasha
  1375 | D:2      | Noticed Natasha
  1383 | D:2      | Killed Natasha
  1384 | D:2      | Reached skill level 6 in Summonings
  1384 | D:2      | Reached XP level 5. HP: 17/35 MP: 8/8
  1464 | D:2      | Found a runed translucent door.
  1465 | D:2      | Noticed Crazy Yiuf
  1811 | D:2      | Noticed Natasha
  1867 | D:2      | Killed Natasha
  2267 | D:3      | You fall into a shaft and drop 3 floors!
  2429 | D:6      | Reached XP level 6. HP: 40/41 MP: 5/9
  2508 | D:6      | Found a broken altar of Ashenzari.
  2512 | D:6      | Found a blossoming altar of Fedhas.
  2523 | D:6      | Reached skill level 7 in Summonings
  2528 | D:6      | Found a glowing silver altar of Zin.
  2613 | D:6      | Noticed an orc warrior
  2638 | D:5      | Entered Level 5 of the Dungeon
  2638 | D:5      | Noticed a black bear
  2653 | D:5      | Splashed by a jelly's acid

Illustrated notes

Levels and vault maps discovered:
D:1:      nzn_arrival_water_spiral, layout_rooms
D:2:      layout_basic, grunt_decor_mini_mirrors, dreamdust_mushroom_princess,
          kennysheep_potato, uniq_jessica, uniq_natasha, uniq_crazy_yiuf_cottage
D:3:      layout_basic, ebering_ecumenical_altar_mist, kennysheep_nondescript
D:5:      layout_rooms, elyvilon_altar_5, serial_shops, shop
D:6:      layout_cave_pools, minmay_overflow_temple_star_quad, serial_shops,
          shop, patterned_corridor

Skill      XL: |  1  2  3  4  5  6 |
---------------+-------------------+-----
Stealth        | 3 |  3.0
Summonings     | 5 6 7 |  7.1
Dodging        | |  2.6
Spellcasting   | |  2.0

Action                     |  1- 3 |  4- 6 || total
---------------------------+-------+-------++-------
  Melee: Hand axe          |     7 |       ||     7
         Unarmed           |     1 |       ||     1
         Dagger            |    15 |    52 ||    67
         Punch             |       |     2 ||     2
   Cast: Summon Small Mamm |    31 |    10 ||    41
         Call Imp          |     6 |    10 ||    16
         Call Canine Famil |       |    13 ||    13
    Use: Scroll            |       |     5 ||     5
         Potion            |       |     1 ||     1
   Stab: Distracted        |     1 |     1 ||     2
 Armour: Robe              |     5 |    16 ||    21
  Dodge: Dodged            |    20 |    36 ||    56
  Block: Other             |       |    12 ||    12
         Reflection        |       |     1 ||     1

Table legend: (Time is in decaauts)
 A = Elapsed time spent in this place.
 B = Non-inter-level travel time spent in this place.
 C = Inter-level travel time spent in this place.
 D = Time resting spent in this place.
 E = Time spent auto-exploring this place.
 F = Levels seen in this place.
 G = Mean time per level.
                   A        B        C        D        E       F      G
               +--------+--------+--------+--------+--------+-----+--------+
         Total |   2647 |   2591 |     56 |    150 |   1814 |   5 |  529.4 |
       Dungeon |   2647 |   2591 |     56 |    150 |   1814 |   5 |  529.4 |
               +--------+--------+--------+--------+--------+-----+--------+

Top non-repeatable levels by time:
     D:2: 1597 daAuts
     D:1: 648 daAuts
     D:6: 370 daAuts
     D:3: 15 daAuts
     D:5: 14 daAuts
